 Dungeon Crawl Stone Soup version 0.20-a0-433-g9e36e56 (webtiles) character file.

1306 Kriby the Fighter (level 8, -1/70 HPs)
             Began as a Mummy Fighter on Jan 4, 2017.
             Was an Initiate of Gozag.
             Slain by an ogre
             ... wielding a +0 giant club
              (23 damage)
             ... on level 7 of the Dungeon.
             The game lasted 00:09:24 (7845 turns).

Kriby the Fighter (Mummy Fighter)                   Turns: 7845, Time: 00:09:25

Health: -1/70      AC: 13    Str: 23    XL:     8   Next: 32%
Magic:  8/8        EV:  6    Int:  8    God:    Gozag
Gold:   578        SH:  0    Dex: 13    Spells: 7/7 levels left

rFire  x . .     SeeInvis .     g - +0 halberd
rCold  + . .     Gourm    .     t - +1 plate armour {rN+}
rNeg   + + +     Faith    .     (shield currently unavailable)
rPois  ∞         Spirit   .     i - +0 helmet
rElec  +         Reflect  .     (no cloak)
rCorr  .         Harm     .     (no gloves)
MR     ++...                    (no boots)
Stlth  ..........               (no amulet)
                                s - ring of protection from magic
                                q - ring of Untruth {+Fly rElec Str+4}

@: no status effects
A: no food or potions, fire vulnerability, cold resistance 1, negative energy
resistance 3, torment resistance, unbreathing
a: Potion Petition, Call Merchant, Bribe Branch, Renounce Religion, Evoke Flight


You were on level 7 of the Dungeon.
You worshipped Gozag.
Gozag was pleased with you.
You were not hungry.

You visited 1 branch of the dungeon, and saw 7 of its levels.

You collected 637 gold pieces.
You paid 59 gold pieces to Gozag.

Inventory:

Hand Weapons
 g - a +0 halberd (weapon)
 p - a +2 antimagic quarterstaff
Missiles
 k - 3 tomahawks of returning
 l - 4 tomahawks
 m - 5 javelins (quivered)
 o - 2 silver tomahawks
Armour
 c - a +0 shield
 i - a +0 helmet (worn)
 t - a +1 plate armour of positive energy (worn)
Jewellery
 q - the ring of Untruth (left hand) {+Fly rElec Str+4}
   (You found it on level 5 of the Dungeon)

   [ring of flight]

   It affects your strength (+4).
   It insulates you from electricity.
   It lets you fly.
 r - a +5 ring of intelligence
 s - a ring of protection from magic (right hand)
Wands
 u - a wand of random effects (14/48)
Scrolls
 b - a scroll of blinking {unknown}
 d - 2 scrolls of immolation {unknown}
 e - 9 scrolls of identify {unknown}
 f - 8 scrolls of remove curse {unknown}
 h - 2 scrolls of amnesia {unknown}
 j - 2 scrolls of teleportation {unknown}
 n - a scroll of random uselessness {unknown}
 v - 3 scrolls of fog {unknown}
Books
 a - a book of Necromancy

   Spells                             Type                      Level
   a - Pain                           Necromancy                   1
   b - Animate Skeleton               Necromancy                   1
   c - Vampiric Draining              Necromancy                   3
   d - Regeneration                   Charms/Necromancy            3
   e - Animate Dead                   Necromancy                   4
   f - Control Undead                 Necromancy                   4


   Skills:
 * Level 8.9 Fighting
   Level 1.5 Short Blades
 + Level 4.2 Polearms
 - Level 1.4 Throwing
 - Level 2.4 Armour
 - Level 2.4 Shields


You had 7 spell levels left.
You didn't know any spells.

Dungeon Overview and Level Annotations

Branches:
Dungeon (7/15)             Temple (0/1) D:6

Altars:
Gozag
Sif Muna
Uskayaw


Innate Abilities, Weirdness & Mutations

You do not eat or drink.
Your flesh is vulnerable to fire.
You are immune to poison.
Your flesh is cold resistant. (rC+)
You are immune to negative energy. (rN+++)
You are immune to unholy pain and torment.
You can survive without breathing.


Message History

You are too injured to fight recklessly!
You are too injured to fight recklessly!
You are too injured to fight recklessly!
You are too injured to fight recklessly!
You are too injured to fight recklessly!
You are too injured to fight recklessly!
Found an emerald potion.
You slash the orc priest!
The orc priest is severely wounded.
The orc wizard is no longer distracted by gold.
The orc wizard hits you but does no damage.
The orc hits you but does no damage. The ogre hits you with a giant club.
The orc priest barely misses you.
The orc wizard hits you but does no damage.
Your plate armour prevents you from hitting the orc priest.
The orc priest is severely wounded.
The orc hits you but does no damage. The orc hits you with a mace.
The ogre hits you with a giant club!!
You die...
Your body crumbles into a pile of gold.

......... #........
... #.......# .....#
#.......## #.....#
#.....o.. #.....#
#.....oo######.....#
#.....o.#..........#
#....ooO'..........#
#....o@o#.........[+
#..#########.......#
. ##>## #.......#
#8...8##.......#
#.....##...<..!#
#8.....8#..###+##
##..$..##..#
#8!..8##..# #..#


You could see an orc warrior, an ogre, an orc priest, 2 orc wizards and 4 orcs.

Vanquished Creatures
  Eustachio (D:6)
  A sky beast (D:6)
  An ogre (D:6)
  A necrophage (D:6)
  A centaur (D:5)
  A big kobold (D:6)
  A crimson imp (D:5)
  A centaur zombie (D:7)
  A hound (D:6)
  A jelly (D:6)
  A bullfrog skeleton (D:4)
  Jessica (D:2)
  Ijyb (D:3)
  4 orc wizards
  6 worker ants
  2 hound skeletons
  A howler monkey zombie (D:6)
  6 gnolls
  9 adders
  8 worms
  A dart slug (D:2)
  8 leopard geckos
  16 orcs
  10 bats
  4 giant cockroaches
  5 goblins
  8 hobgoblins
  6 jackals (D:2)
  13 kobolds
  4 quokkas
  A ball python (D:1)
  6 frilled lizards
  9 rats
140 creatures vanquished.

Notes
Turn   | Place    | Note
-------+----------+-------------------------------------------
     0 | D:1      | Kriby the Mummy Fighter began the quest for the Orb.
     0 | D:1      | Reached XP level 1. HP: 18/18 MP: 1/1
   381 | D:1      | Reached XP level 2. HP: 24/24 MP: 2/2
   770 | D:2      | Reached skill level 4 in Fighting
   770 | D:2      | Reached skill level 1 in Throwing
   770 | D:2      | Reached XP level 3. HP: 25/30 MP: 3/3
   969 | D:2      | Noticed Jessica
  1280 | D:2      | Reached XP level 4. HP: 18/38 MP: 4/4
  1457 | D:2      | Killed Jessica
  1643 | D:2      | Reached skill level 5 in Fighting
  1771 | D:2      | Reached XP level 5. HP: 43/44 MP: 5/5
  1809 | D:2      | Reached skill level 1 in Polearms
  2724 | D:3      | Found a faded altar of an unknown god.
  3124 | D:3      | Noticed Ijyb
  3130 | D:3      | Killed Ijyb
  3258 | D:3      | Noticed an enchanted dagger
  3259 | D:3      | Found a hide-covered altar of Uskayaw.
  3259 | D:3      | Noticed a dagger
  3516 | D:4      | Reached XP level 6. HP: 50/52 MP: 6/6
  3562 | D:4      | Reached skill level 6 in Fighting
  4360 | D:4      | Found an opulent altar of Gozag.
  4677 | D:4      | Became a worshipper of Gozag Ym Sagoz the Greedy
  5129 | D:5      | Entered Level 5 of the Dungeon
  5136 | D:5      | Got a bound turquoise ring
  5137 | D:5      | Identified the ring of Untruth {+Fly rElec Str+4} (You found it on level 5 of the Dungeon)
  5503 | D:5      | Got a smoking ring mail
  5525 | D:5      | Identified the +1 ring mail of Divine Intervention {rN+} (You found it on level 5 of the Dungeon)
  5624 | D:5      | Reached XP level 7. HP: 59/59 MP: 7/7
  5812 | D:5      | Found a deep blue altar of Sif Muna.
  5931 | D:5      | Reached skill level 7 in Fighting
  6090 | D:5      | Identified Sif Muna's Volume of Translocation
  6355 | D:6      | Noticed Eustachio
  6683 | D:6      | Killed Eustachio
  6875 | D:6      | Found a staircase to the Ecumenical Temple.
  7067 | D:6      | Reached skill level 8 in Fighting
  7280 | D:6      | Reached XP level 8. HP: 59/69 MP: 8/8
  7845 | D:7      | Slain by an ogre

Vault maps used:
D:1:      lemuel_arrival_hallway
D:2:      minmay_diamond_boxcup, uniq_jessica
D:3:      dancing_weapons_uskayaw, chequers_ecumenical_altar_island,
          minmay_misc_feat_four_crosses, uniq_iyjb
D:4:      nicolae_gozag_seed_capital
D:5:      first_bread, minmay_misc_feat_tiny, corner_web_ring,
          chequers_big_river, led_sif_book
D:6:      uniq_eustachio
D:7:      black_bear_nest_2, nicolae_overflow_hidden_temple, the_bakery,
          uniq_pikel

Skill      XL: |  1  2  3  4  5  6  7  8 |
---------------+-------------------------+-----
Fighting       | 4 5 6 8 |  8.9
Throwing       | 1 |  1.4
Polearms       | 1 2 3 4 |  4.2
Short Blades   | |  1.5
Armour         | |  2.4
Shields        | |  2.4

Action                   |  1- 3 |  4- 6 |  7- 9 || total
-------------------------+-------+-------+-------++-------
Melee: Rapier            |   123 |       |       ||   123
       Halberd           |       |   351 |   196 ||   547
Throw: Tomahawk          |       |     2 |       ||     2
       Javelin           |       |       |     3 ||     3
Invok: Potion Petition   |       |       |     1 ||     1
 Abil: Evoke Flight      |       |       |     1 ||     1
 Stab: Invisible         |       |       |     2 ||     2
Armor: Scale mail        |    62 |   127 |       ||   189
       Plate armour      |       |    71 |   200 ||   271
Dodge: Dodged            |    51 |   173 |   115 ||   339
Block: Shield            |    78 |       |       ||    78
